 Dungeon Crawl Stone Soup version 0.22-a0-614-g34fbaa0 (webtiles) character file.

14 Krakonus1 the Skirmisher (level 2, -3/32 HPs)
             Began as an Ogre Monk on July 19, 2018.
             Slain by an adder (4 damage)
             ... on level 1 of the Dungeon.
             The game lasted 00:02:17 (525 turns).

Krakonus1 the Skirmisher (Ogre Monk)                 Turns: 525, Time: 00:02:18

Health: -3/32      AC:  3    Str: 14    XL:     2   Next: 41%
Magic:  11/11      EV: 10    Int: 11    God:
Gold:   75         SH:  0    Dex: 11    Spells: 1/1 levels left

rFire    + . .     SeeInvis .   a - +0 mace
rCold    + . .     Gourm    .   (no shield)
rNeg     . . .     Faith    .   b - +0 robe
rPois    +         Spirit   .   (helmet restricted)
rElec    +         Reflect  .   (no cloak)
rCorr    +         Harm     .   (gloves unavailable)
MR       .....                  (boots unavailable)
Stlth    ++........             (no amulet)
HPRegen  0.10/turn              i - ring of magical power
MPRegen  0.12/turn              (no ring)

@: about to teleport, resistant
A: large, unfitting armour, tough skin 1
a: no special abilities


You were on level 1 of the Dungeon.
You were not hungry.

You visited 1 branch of the dungeon, and saw 2 of its levels.

You collected 75 gold pieces.

Inventory:

Hand Weapons
 a - a +0 mace (weapon)
Missiles
 e - 46 stones (quivered)
Armour
 b - a +0 robe (worn)
Jewellery
 i - a ring of magical power (left hand)
Scrolls
 j - a scroll of teleportation
 l - a scroll of identify {unknown}
Comestibles
 c - 2 rations
 g - 5 chunks of flesh


   Skills:
 - Level 4.0 Fighting
 * Level 3.4 Maces & Flails
 - Level 2.6 Dodging
 - Level 1.4 Stealth


You had one spell level left.
You didn't know any spells.
Your spell library was empty.

Dungeon Overview and Level Annotations

Branches:
Dungeon (2/15)

Altars:
The Shining One


Innate Abilities, Weirdness & Mutations

You are too large for most types of armour.
You have tough skin. (AC +1)


Message History

The adder bites you.
* * * LOW HITPOINT WARNING * * *
The jackal closely misses you.
The quokka bites you but does no damage.
The adder bites you.
* * * LOW HITPOINT WARNING * * *
The jackal bites you.
* * * LOW HITPOINT WARNING * * *
The quokka barely misses you.
As you read the scroll labeled ZILOCZ ZOSOAF, it crumbles to dust.
You feel momentarily disoriented.
It was a scroll of magic mapping.
The jackal bites you.
* * * LOW HITPOINT WARNING * * *
The adder barely misses you. The quokka bites you.
* * * LOW HITPOINT WARNING * * *
As you read the scroll labeled ESTUEV GENERO, it crumbles to dust.
You feel strangely unstable.
It was a scroll of teleportation.
The jackal bites you but does no damage.
The adder bites you.
You die...

......##...###.#...............#
......##...##..#...............#
..........###.##...............#
≈≈≈≈≈≈≈P..###.###..........÷..##
≈≈≈≈≈≈≈≈..##..# ##.))..#.....##
≈≈≈≈≈≈≈≈..#..#####.###########
≈≈≈≈≈≈≈P.......#...# #....#
.........##.##.....######....#
≈≈≈≈≈≈≈P....#..h@S...........#
≈≈≈≈≈≈≈≈......##r########....#
≈≈≈≈≈≈≈≈..#####..# #....#
≈≈≈≈≈≈≈P..# #.## #....#
..........# ##.# ######
##.##.##..# ##..#########.#
#..##.##.####..###......#.#
#........###..##.).####.#.##
.................### #.#..#


You could see an adder, a quokka and a jackal.

Vanquished Creatures
  2 giant cockroaches (D:1)
  2 goblins (D:1)
  2 hobgoblins (D:1)
  2 kobolds (D:1)
  2 bats (D:1)
  A frilled lizard (D:1)
  2 rats
13 creatures vanquished.

Notes
Turn   | Place    | Note
-------+----------+-------------------------------------------
     0 | D:1      | Krakonus1 the Ogre Monk began the quest for the Orb.
     0 | D:1      | Reached XP level 1. HP: 24/24 MP: 1/1
   191 | D:1      | Reached XP level 2. HP: 25/32 MP: 2/2
   376 | D:1      | Found a glowing golden altar of the Shining One.
   524 | D:1      | HP: 3/32 [jackal (2)]
   524 | D:1      | HP: 1/32 [quokka (2)]
   525 | D:1      | Slain by an adder

Vault maps used:
D:1:      giann_bridges, tso_metal_star
D:2:      chequers_temple_overflow_minitemple, first_ration,
          minmay_split_cup_small

Skill      XL: |  1 |
---------------+----+-----
Maces & Flails | 3 |  3.4
Fighting       | |  4.0
Dodging        | |  2.6
Stealth        | |  1.4

Action                   || total
-------------------------++-------
Melee: Mace              ||    64
  Use: Potion            ||     3
       Scroll            ||     2
 Stab: Sleeping          ||     1
Armor: Robe              ||    47
Dodge: Dodged            ||    51

Table legend:
 A = Spawn XP
 B = Non-spawn XP
 C = Spawn XP percentage of total XP
 D = Spawn monster count
 E = Non-spawn monster count
 F = Spawn count percentage of total count
 G = Total turns spent on level
                    A         B        C        D         E        F      G
               +---------+---------+-------+---------+---------+-------+---------
         Total |       0 |      20 |   0.0 |       0 |      13 |   0.0 |   525
               +---------+---------+-------+---------+---------+-------+---------
           D:1 |       0 |      19 |   0.0 |       0 |      12 |   0.0 |   509
           D:2 |       0 |       1 |   0.0 |       0 |       1 |   0.0 |    16
               +---------+---------+-------+---------+---------+-------+---------
